 Dungeon Crawl Stone Soup version 0.26.1-11-gd32895ea62 (webtiles) character file.

Game seed: 15544187324380260610

31 Almogavar the Slasher (level 3, 0/45 HPs)
             Began as a Barachi Berserker on May 6, 2021.
             Was a Follower of Trog.
             Succumbed to an adder's poison
             ... on level 1 of the Dungeon.
             The game lasted 00:02:51 (827 turns).

Almogavar the Slasher (Barachi Berserker)            Turns: 827, Time: 00:02:51

Health: 0/45       AC:  3    Str: 19    XL:     3   Next: 22%
Magic:  3/3        EV: 12    Int:  7    God:    Trog [*.....]
Gold:   49         SH:  0    Dex: 11    Spells: 2/2 levels left

rFire    . . .     SeeInvis .   a - +1 falchion
rCold    . . .     Faith    .   (no shield)
rNeg     . . .     Spirit   .   k - +0 leather armour
rPois    .         Reflect  .   (no helmet)
rElec    .         Harm     .   (no cloak)
rCorr    .         Rampage  .   (no gloves)
Will     .....                  (no boots)
Stlth    ..........             (no amulet)
HPRegen  0.15/turn              (no ring)
MPRegen  0.08/turn              (no ring)

@: berserking (expiring), lethally poisoned (0 -> -7), quick
A: +LOS, swims, slowness 1, strong legs 1
a: Hop, Renounce Religion, Berserk


You were on level 1 of the Dungeon.
You worshipped Trog.
Trog was aware of your devotion.
You visited 1 branch of the dungeon, and saw 2 of its levels.

You collected 49 gold pieces.

Inventory:

Hand Weapons
 a - a +1 falchion (weapon)
Missiles
 d - 19 stones
 e - 22 poisoned darts (quivered)
Armour
 f - a +0 chain mail
 k - a +0 leather armour (worn)
Potions
 b - a potion of degeneration {unknown}
 c - 2 potions of curing {unknown}
 g - 2 potions of mutation {unknown}
 i - a potion of flight {unknown}
 m - a potion of might {unknown}


   Skills:
 + Level 4.0 Fighting
 + Level 4.5 Long Blades
 + Level 2.6 Armour
 + Level 2.4 Dodging


You had 2 spell levels left.
You didn't know any spells.
Your spell library was empty.

Dungeon Overview and Level Annotations

Branches:
Dungeon (2/15)

Altars:
Hepliaklqana
Sif Muna


Innate Abilities, Weirdness & Mutations

You can be seen from farther away. (+LOS)
You can swim through water.
You cover ground slowly.
You can hop short distances.


Message History

You barely miss the adder.
* * * LOW HITPOINT WARNING * * *
You feel sick. The kobold misses you.
You are too berserk!
You miss the adder. The adder bites you.
* * * LOW HITPOINT WARNING * * *
Unknown command.
You slash the adder!
The adder is severely wounded.
* * * LOW HITPOINT WARNING * * *
You feel sick. The adder misses you. The kobold hits you.
* * * LOW HITPOINT WARNING * * *
You miss the adder.
The adder is severely wounded.
The adder bites you but does no damage. The kobold barely misses you.
You riposte.
You barely miss the kobold. You slash the adder!
You kill the adder!
Trog accepts your kill.
You die...

..<...≈.............##.###...#
...)..♣≈......#...#..........####
≈≈≈≈≈♣⌠♣≈............#.###.#.....
#####≈♣≈#.##.......#.#.# #.######
# ##≈##.##...#.....#.# #.......
####.##...........##########
#...#......................
######.###.#.........##.....####
#...=.........†@K...........#
#.......#######............##
##.......#######............#
............................#
...........................##
.....###...................#
.....# #..........###......#
.....# #..........# #...=..#
.....# #..........# #......#


You could see a kobold.

Vanquished Creatures
  An adder (D:1)
  4 dart slugs
  2 leopard geckos (D:1)
  A giant cockroach (D:1)
  2 goblins (D:1)
  3 hobgoblins (D:1)
  2 kobolds (D:1)
  3 bats (D:1)
  A frilled lizard (D:1)
  3 rats (D:1)
22 creatures vanquished.

Vanquished Creatures (others)
  4 toadstools (D:1)
4 creatures vanquished.

Grand Total: 26 creatures vanquished

Notes
Turn   | Place    | Note
-------+----------+-------------------------------------------
     0 | D:1      | Almogavar the Barachi Berserker began the quest for the
                  | Orb.
     0 | D:1      | Reached XP level 1. HP: 18/18 MP: 1/1
    20 | D:1      | Reached XP level 2. HP: 25/25 MP: 2/2
   573 | D:1      | Reached XP level 3. HP: 29/30 MP: 3/3
   802 | D:2      | Found a hazy altar of Hepliaklqana.
   802 | D:2      | Found a shimmering blue altar of Sif Muna.
   825 | D:1      | HP: 1/45 [kobold (4)]
   827 | D:1      | Succumbed to an adder's poison

Illustrated notes

Levels and vault maps discovered:
D:1:      ldierk_water_garden, layout_basic
D:2:      layout_rooms, nicolae_tso_carved_into_rock,
          gammafunk_temple_overflow_wave,
          chequers_temple_overflow_statue_of_worship

Skill      XL: |  1  2 |
---------------+-------+-----
Long Blades    | 4 |  4.5
Fighting       | 4 |  4.0
Armour         | |  2.6
Dodging        | |  2.4

Action                   || total
-------------------------++-------
Melee: Falchion          ||    64
Throw: Dart              ||     2
Invok: Berserk           ||     3
  Use: Scroll            ||     4
Armor: Animal skin       ||     7
       Leather armour    ||    12
Dodge: Dodged            ||    58
       Rpst.: Falchion   ||    13
